 Dungeon Crawl Stone Soup version 0.19-a0-1007-g133f65f (webtiles) character file.

251 mistymad the Skirmisher (level 6, 0/50 HPs)
             Began as a Formicid Abyssal Knight on July 19, 2016.
             Was a Priest of Lugonu.
             Killed by a spatial distortion (2 damage)
             ... on level 4 of the Dungeon.
             The game lasted 00:10:47 (3496 turns).

mistymad the Skirmisher (Formicid Abyssal Knight)   Turns: 3496, Time: 00:10:48

Health: 0/50       AC: 14    Str: 18    XL:     6   Next: 36%
Magic:  6/7        EV:  7    Int: 12    God:    Lugonu [***...]
Gold:   189        SH:  0    Dex: 10    Spells: 0 memorised, 5 levels left

rFire  . . .     SeeInvis +     x - +0 broad axe
rCold  . . .     Gourm    +     y - +0 chain mail
rNeg   . . .     Faith    .     (no shield)
rPois  .         Spirit   .     (helmet unavailable)
rElec  .         Dismiss  .     C - +0 cloak
rCorr  .         Reflect  .     s - +0 pair of gloves
SustAt .         Harm     .     n - +0 pair of boots
MR     .....                    i - amulet of the gourmand
Stlth  ..........               (no ring)
                                t - +1 ring of protection

@: lethally poisoned (0 -> 0), not resistant to hostile enchantments, extremely
unstealthy
A: permanent stasis, dig shafts and tunnels, four strong arms, antennae 3
a: Dig, Shaft Self, Depart the Abyss, Bend Space, Banish, Renounce Religion


You were on level 4 of the Dungeon.
You worshipped Lugonu.
Lugonu was most pleased with you.
You were completely stuffed.

You visited 1 branch of the dungeon, and saw 4 of its levels.
You visited the Abyss 1 time.

You collected 189 gold pieces.

Inventory:

Hand Weapons
 a - a +1 hand axe
 x - a +0 broad axe (weapon)
Armour
 n - a +0 pair of boots (worn)
 s - a +0 pair of gloves (worn)
 y - a +0 chain mail (worn)
 C - a +0 cloak (worn)
Jewellery
 i - an amulet of the gourmand (around neck)
 t - a +1 ring of protection (left hand)
Scrolls
 d - 2 scrolls of teleportation {unknown}
 f - 5 scrolls of immolation {unknown}
 k - a scroll of enchant armour {unknown}
 m - a scroll of remove curse {unknown}
 o - a scroll of recharging {unknown}
 q - 3 scrolls of identify
 r - 2 scrolls of blinking {unknown}
 v - a scroll of random uselessness {unknown}
 D - a scroll of fog {unknown}
 E - a scroll of amnesia {unknown}
Potions
 b - a potion of lignification {unknown}
 e - 5 potions of curing {unknown}
 g - a potion of berserk rage {unknown}
 j - 2 potions of ambrosia {unknown}
 l - a potion of heal wounds {unknown}
 p - 2 potions of resistance {unknown}
 w - a potion of magic {unknown}
 z - a potion of might {unknown}
 B - a potion of haste {unknown}
Comestibles
 c - 3 bread rations
 h - 2 meat rations
 A - 3 fruits


   Skills:
 + Level 4.8 Fighting
 + Level 4.0 Axes
 + Level 4.3 Armour
 - Level 0.8 Dodging
 - Level 2.1 Invocations


You had 5 spell levels left.
You didn't know any spells.

Dungeon Overview and Level Annotations

Branches:
Dungeon (4/15)
 Temple: D:4-7

Altars:
Ashenzari
Cheibriados
Dithmenos
Okawaru
Qazlal
Trog
Uskayaw


Innate Abilities, Weirdness & Mutations

You are under a permanent stasis effect.
You can dig through walls and to a lower floor.
Your four strong arms can wield two-handed weapons with a shield.
You have a pair of large antennae on your head. (SInv)


Message History

The iguana is heavily wounded.
You feel sick. The iguana bites you.
You take 13 damage, and have 17/50 hp.
MASSIVE DAMAGE!!
Unknown command.
You closely miss the iguana.
The iguana is heavily wounded.
The iguana barely misses you.
Your chain mail prevents you from hitting the iguana.
The iguana is heavily wounded.
The iguana bites you.
* * * LOW HITPOINT WARNING * * *
The iguana bites you!
* * * LOW HITPOINT WARNING * * *
You take 12 damage, and have 5/50 hp.
MASSIVE DAMAGE!!
Space bends around you!
You blink.
* * * LOW HITPOINT WARNING * * *
You feel sick.
Found a chain mail.
You take 3 damage, and have 2/50 hp.
You now have 6/7 mp.
Space bends around you!
You blink.
You die...

##......§........###..
##.....l..........###.#
#......§............#..
#.................#....
#..................(...
#.........[............
#......................
##...............##..))
##...@.......... #....
######[.#............
.........###.. ........
... .....# ..#. ....
.... . .....


You could see an iguana.

Vanquished Creatures
  An orc wizard (D:4)
  A worker ant (D:4)
  3 gnolls (D:2)
  6 adders
  An adder skeleton (D:4)
  2 adder zombies (D:1)
  2 worms
  3 dart slugs
  A giant gecko (D:2)
  3 orcs
  2 giant cockroaches
  12 goblins
  8 hobgoblins
  13 jackals
  14 kobolds
  A ball python (D:1)
  6 bats
  3 giant newts
  A quokka skeleton (D:4)
  9 rats
92 creatures vanquished.

Notes
Turn   | Place    | Note
-------+----------+-------------------------------------------
     0 | Abyss:1  | mistymad the Formicid Abyssal Knight began the quest for the Orb.
     0 | Abyss:1  | Reached XP level 1. HP: 18/18 MP: 2/2
     0 | D:1      | Escaped the Abyss
   149 | D:1      | Reached XP level 2. HP: 9/24 MP: 3/3
   401 | D:1      | Reached * piety under Lugonu
   653 | D:1      | Reached XP level 3. HP: 23/29 MP: 4/4
  1470 | D:2      | Reached XP level 4. HP: 26/37 MP: 5/5
  1705 | D:2      | Found an iron altar of Okawaru.
  1768 | D:2      | Found a hide-covered altar of Uskayaw.
  1805 | D:2      | Reached ** piety under Lugonu
  2025 | D:2      | Found a shattered altar of Ashenzari.
  2231 | D:2      | Reached XP level 5. HP: 39/42 MP: 6/6
  2832 | D:3      | Found a shadowy altar of Dithmenos.
  3111 | D:3      | Found a stormy altar of Qazlal.
  3154 | D:3      | Found a bloodstained altar of Trog.
  3154 | D:3      | Found a snail-covered altar of Cheibriados.
  3243 | D:4      | Reached XP level 6. HP: 41/49 MP: 7/7
  3320 | D:4      | Reached *** piety under Lugonu
  3495 | D:4      | HP: 2/50 [poisoned by a worker ant]
  3496 | D:4      | Killed by a spatial distortion

Vault maps used:
D:1:      saegor_arrival_fortress, lemuel_old_faithful
D:2:      nicolae_overflow_crystal_walls, lemuel_coloured_pillars_altar,
          overflow_temple_1_default, fountainhead, minmay_pentomino_w4
D:3:      grunt_dithmenos_smoke, gammafunk_temple_overflow_forgotten
D:4:      first_bread
Abyss:1:  grunt_abyss_exit_deep_breaths

Skill      XL: |  1  2  3  4  5  6 |
---------------+-------------------+-----
Armour         | 3 4 |  4.3
Fighting       | 4 |  4.8
Axes           | 3 4 |  4.0
Dodging        | |  0.8
Invocations    | |  2.1

Action                   |  1- 3 |  4- 6 || total
-------------------------+-------+-------++-------
Melee: Hand axe          |   116 |   149 ||   265
       Broad axe         |       |    77 ||    77
Invok: Depart the Abyss  |     1 |       ||     1
       Bend Space        |       |     1 ||     1
 Abil: Dig               |       |     2 ||     2
  Use: Scroll            |     1 |       ||     1
  Eat: Chunk             |    16 |     7 ||    23
Armor: Leather armour    |    31 |    25 ||    56
       Scale mail        |       |    23 ||    23
       Chain mail        |       |    54 ||    54
Dodge: Dodged            |    76 |   130 ||   206
